 Dungeon Crawl Stone Soup version 0.20.0-15-g7f486f2 (webtiles) character file.

191 Chiseanne the Covered (level 5, 23/58 HPs)
             Began as a Demonspawn Wanderer on June 22, 2017.
             Quit the game on level 3 of the Dungeon.
             The game lasted 00:06:52 (2848 turns).

Chiseanne the Covered (Demonspawn Wanderer)         Turns: 2848, Time: 00:06:52

Health: 23/58      AC: 22    Str: 10    XL:     5   Next: 42%
Magic:  5/5        EV:  2    Int: 17    God:
Gold:   142        SH:  0    Dex: 12    Spells: 4/4 levels left

rFire    . . .     SeeInvis .   a - +1 hand axe (flame)
rCold    . . .     Gourm    .   (no shield)
rNeg     + + +     Faith    .   (armour currently unavailable)
rPois    +         Spirit   .   (helmet currently unavailable)
rElec    .         Reflect  .   (cloak currently unavailable)
rCorr    .         Harm     .   (gloves currently unavailable)
MR       .....     NoTele   +   (boots currently unavailable)
Stlth    ++........             t - amulet of magic regeneration
Regen    0.2/turn               (no ring)
MPRegen  0.2/turn               (no ring)

@: tree-form, very slightly contaminated
A: rot immunity
a: no special abilities


You were on level 3 of the Dungeon.
You were very hungry.
You were a tree.
You visited 1 branch of the dungeon, and saw 4 of its levels.

You collected 142 gold pieces.

Inventory:

Hand Weapons
 a - a +1 hand axe of flaming (weapon)
 w - a +2 shortbow
Missiles
 b - 20 arrows
 j - 91 stones (quivered)
 r - 22 sling bullets
 v - 18 bolts
Armour
 h - a +0 ring mail (melded)
 l - a +0 pair of gloves (melded)
Jewellery
 n - a +4 amulet of reflection {unknown}
 t - an amulet of magic regeneration (around neck)
Wands
 q - a wand of iceblast (6/15)
Scrolls
 d - 2 scrolls of teleportation
 k - a scroll of fog
 s - a scroll of remove curse
Potions
 e - a potion of invisibility {unknown}
 m - 4 potions of curing
 o - 2 potions of mutation {unknown}
 u - a potion of berserk rage {unknown}
Comestibles
 g - 4 bread rations
 i - a royal jelly


   Skills:
 * Level 2.5 Fighting
 - Level 1.7 Bows
 * Level 3.0 Armour
 * Level 2.9 Dodging
 - Level 1.7 Stealth
 - Level 2.6 Unarmed Combat
 - Level 1.0 Evocations


You had 4 spell levels left.
You didn't know any spells.

Dungeon Overview and Level Annotations

Branches:
Dungeon (4/15)
 Temple: D:4-7

Altars:
Dithmenos

Annotations:
D:3 Quebeb's ghost, amateur HaHu


Innate Abilities, Weirdness & Mutations

((You have a pair of small antennae on your head.))
((You have sharp fingernails.))
((You have large cloven feet.))
You are immune to rotting.


Message History

You hit Blork the orc. You burn Blork the orc.
Blork the orc is almost dead.
Blork the orc casts a spell at you. The magic dart hits you!
You hit Blork the orc. You burn Blork the orc.
Blork the orc is almost dead.
Blork the orc gestures at you while chanting.
The puff of flame hits you!
You closely miss Blork the orc.
Blork the orc is almost dead.
Blork the orc hits you with a dire flail. x2
You slash Blork the orc! You burn Blork the orc.
You kill Blork the orc!
Your Armour skill increases to level 3!
You have reached level 5!
Your demonic ancestry asserts itself...
A pair of antennae grows on your head!
You are feeling very hungry.
Unknown command.
Are you sure you want to abandon this character and quit the game? (Confirm with "yes".)

##################
#♣)...............
#.##.#############
#.................
####.#############
########.# #^
#........# #.
#........# #.
#........#######
##
#........##....#


There were no monsters in sight!

Vanquished Creatures
  Blork the orc (D:3)
  3 adders (D:2)
  2 oozes
  2 worms (D:2)
  2 dart slugs
  2 leopard geckos
  2 orcs
  A ball python (D:1)
  3 giant cockroaches
  6 goblins
  6 hobgoblins
  11 jackals
  8 kobolds
  8 bats
  6 frilled lizards
  5 rats
68 creatures vanquished.

Notes
Turn   | Place    | Note
-------+----------+-------------------------------------------
     0 | D:1      | Chiseanne the Demonspawn Wanderer began the quest for the Orb.
     0 | D:1      | Chiseanne set off with: a +2 shortbow, 23 arrows, a potion of lignification, a scroll of teleportation, a +0 robe, a +0 dagger, a bread ration
     0 | D:1      | Reached XP level 1. HP: 13/13 MP: 1/1
   221 | D:1      | Gained mutation: You have large cloven feet. [demonic ancestry]
   221 | D:1      | Reached XP level 2. HP: 18/20 MP: 2/2
   350 | D:1      | Reached skill level 1 in Fighting
   440 | D:1      | Reached skill level 2 in Armour
   504 | D:1      | Gained mutation: You are immune to rotting. [demonic ancestry]
   504 | D:1      | Reached XP level 3. HP: 25/26 MP: 3/3
  1284 | D:2      | Gained mutation: You have sharp fingernails. [demonic ancestry]
  1284 | D:2      | Reached XP level 4. HP: 30/32 MP: 4/4
  2093 | D:3      | Noticed Quebeb's ghost (amateur HaHu)
  2486 | D:3      | Found a shadowy altar of Dithmenos.
  2598 | D:3      | Found a faded altar of an unknown god.
  2822 | D:4      | Noticed Blork the orc
  2822 | D:4      | Noticed a phantom
  2846 | D:3      | Killed Blork the orc
  2846 | D:3      | Reached skill level 3 in Armour
  2846 | D:3      | Gained mutation: You have a pair of small antennae on your head. [demonic ancestry]
  2846 | D:3      | Reached XP level 5. HP: 22/39 MP: 5/5
  2848 | D:3      | Quit the game

Skill      XL: |  1  2  3  4 |
---------------+-------------+-----
Fighting       | 1 2 |  2.5
Armour         | 2 3 |  3.0
Dodging        | 2 |  2.9
Bows           | |  1.7
Stealth        | |  1.7
Unarmed Combat | |  2.6
Evocations     | |  1.0

Action                   |  1- 3 |  4- 6 || total
-------------------------+-------+-------++-------
Melee: Hand axe          |       |    53 ||    53
       Dagger            |       |    14 ||    14
       Kick              |       |     7 ||     7
 Fire: Shortbow          |   120 |    50 ||   170
  Use: Scroll            |     2 |     7 ||     9
       Potion            |       |     1 ||     1
  Eat: Chunk             |       |     5 ||     5
Armor: Ring mail         |    20 |    32 ||    52
       Skin              |       |    15 ||    15
Dodge: Dodged            |    28 |    62 ||    90
